 Dungeon Crawl Stone Soup version 0.24.0-13-gcf9b319 (webtiles) character file.

Game seed: 11011017762907265188, levelgen mode: deterministic

48602 Fang the Fighter (level 14, -4/92 HPs)
             Began as a Gargoyle Berserker on Nov 12, 2019.
             Was a High Priest of Trog.
             Killed by refrigeration
             ... invoked by Fannar
              (17 damage)
             ... on level 12 of the Dungeon.
             The game lasted 00:22:37 (17361 turns).

Fang the Fighter (Gargoyle Berserker)              Turns: 17361, Time: 00:22:38

Health: -4/92      AC: 37    Str: 22    XL:     14   Next: 47%
Magic:  4/4        EV:  8    Int:  7    God:    Trog [*****.]
Gold:   1222       SH: 20    Dex:  9    Spells: 13/13 levels left

rFire    + . .     SeeInvis .   a - +6 broad axe (antimagic)
rCold    . . .     Gourm    .   u - +2 large shield
rNeg     + + .     Faith    .   b - +1 plate armour
rPois    ∞         Spirit   .   A - +2 helmet
rElec    +         Reflect  .   m - +2 cloak {+Inv}
rCorr    .         Harm     .   (no gloves)
MR       ++++.                  (no boots)
Stlth    ..........             (no amulet)
HPRegen  1.25/turn              K - +3 ring of protection
MPRegen  0.09/turn              v - ring of Femam {rElec rF+ rN+ MR+ Str-5}

@: flying, regenerating
A: big wings, negative energy resistance 1, electricity resistance, unbreathing,
petrification resistance, rot immunity, AC +10
a: Stop Flying, Berserk, Trog's Hand, Brothers in Arms, Renounce Religion, Evoke
Invisibility


You were on level 12 of the Dungeon.
You worshipped Trog.
Trog was extremely pleased with you.
You were not hungry.

You visited 3 branches of the dungeon, and saw 19 of its levels.
You also visited: Sewer.

You collected 1222 gold pieces.

Inventory:

Hand Weapons
 a - a +6 antimagic broad axe (weapon)
 l - the +1 war axe "Grim Tooth" {freeze, Dex+3}
   (You found it on level 1 of the Lair of Beasts)

   It has been specially enchanted to freeze those struck by it, causing extra
   injury to most foes and up to half again as much damage against particularly
   susceptible opponents.
   It can also slow down cold-blooded creatures.
   It affects your dexterity (+3).
 G - a +3 war axe of chopping
Armour
 b - a +1 plate armour (worn)
 m - a +2 cloak of invisibility (worn)
 u - a +2 large shield (worn)
 A - a +2 helmet (worn)
 F - the +0 cloak "Aloargh" {Int-4 Dex+4}
   (You found it on level 3 of the Lair of Beasts)

   It affects your intelligence (-4).
   It affects your dexterity (+4).
Jewellery
 f - an uncursed ring of protection from fire
 v - the ring of Femam (right hand) {rElec rF+ rN+ MR+ Str-5}
   (You found it on level 4 of the Dungeon)

   [ring of protection from magic]

   It affects your strength (-5).
   It protects you from fire.
   It insulates you from electricity.
   It protects you from negative energy.
   It affects your resistance to hostile enchantments.
 K - a +3 ring of protection (left hand)
Wands
 n - a wand of enslavement (5)
 q - a wand of digging (6)
 y - a wand of polymorph (21)
 z - a wand of acid (24)
 B - a wand of random effects (21)
 E - a wand of scattershot (10)
 I - a wand of paralysis (26)
 M - a wand of iceblast (17)
Scrolls
 d - 2 scrolls of blinking
 g - 2 scrolls of magic mapping
 i - 2 scrolls of teleportation
 j - 13 scrolls of identify
 p - a scroll of fog
 t - 14 scrolls of remove curse
 L - a scroll of summoning
Potions
 e - 9 potions of curing
 h - 4 potions of haste
 k - 2 potions of ambrosia
 o - 4 potions of berserk rage
 r - 2 potions of agility
 s - a potion of mutation
 w - a potion of invisibility
 x - 2 potions of flight
 H - a potion of might
 J - 3 potions of heal wounds
 N - a potion of cancellation
Comestibles
 c - 32 rations


   Skills:
 + Level 12.6 Fighting
 + Level 10.9 Axes
 + Level 12.3 Armour
 + Level 9.8 Dodging
 + Level 11.5 Shields


You had 13 spell levels left.
You didn't know any spells.
Your spell library was empty.

Dungeon Overview and Level Annotations

Branches:
Dungeon (12/15)            Temple (1/1) D:4            Lair (6/6) D:10
 Shoals (0/4) Lair:4        Snake (0/4) Lair:4        Slime (0/5) Lair:6
    Orc (0/2) D:11          Sewer (visited)

Altars:
Ashenzari
Gozag
Hepliaklqana
Nemelex Xobeh
Qazlal
Sif Muna
Trog
Xom
Zin
Jiyva

Annotations:
D:9 1 runed translucent door, zazu2006's ghost, journeyman DDNe
D:12 Fannar


Innate Abilities, Weirdness & Mutations

You are resistant to torment.
Your stone body is resilient. (AC +10)
You are immune to poison.
Your large and strong wings let you fly indefinitely.
You resist negative energy. (rN+)
You are resistant to electric shocks. (rElec)
You can survive without breathing.
You are immune to petrification.
You are immune to rotting.


Message History

Fannar drains the heat from the surrounding environment!
You feel very cold.
* * * LOW HITPOINT WARNING * * *
Fannar and your deep troll are frozen.
Fannar resists.
Your deep troll barely misses Fannar.
Your deep troll misses Fannar.
Your deep troll closely misses Fannar.
The centaur shoots an arrow.
You block the arrow.
You see here 2 arrows.
Your deep troll closely misses Fannar.
Your deep troll claws Fannar but does no damage.
Your deep troll closely misses Fannar.
The centaur shoots an arrow.
You block the arrow.
Things that are here:
an arrow; a potion of mutation Your deep troll barely misses Fannar.
Your deep troll misses Fannar.
Your deep troll closely misses Fannar.
Fannar mumbles some strange words.
Fannar drains the heat from the surrounding environment!
You feel very cold.
You die...

.... #)) #)#
#.############
############...........$.
.............e...........
..............T..........
##...##########(((.......
#. #(@........
#.......... .........<..
#####........ #.c......
#........ #........
.......


You could see Fannar, a centaur and a friendly deep troll (berserk).

Vanquished Creatures
  Harold (D:9)
  A hydra (Lair:2)
  Erica (D:10)
  4 two-headed ogres
  A queen ant (Lair:2)
  2 death yaks (Lair:4)
  Urug (D:10)
  A wizard (D:10)
  2 manticores
  6 elephants
  4 black mambas
  Maurice (D:11)
  2 torpor snails (Lair:4)
  A gargoyle (D:10)
  11 spiny frogs
  2 rime drakes (Lair:5)
  4 komodo dragons
  3 polar bears (Lair:6)
  5 hornets (Lair:6)
  15 blink frogs
  A snapping turtle (Lair:4)
  15 hippogriffs
  3 dream sheep
  A large abomination (D:10)
  Sigmund (D:6)
  13 spriggans (Lair:6)
  A wraith (D:12)
  Grum (D:8)
  2 basilisks
  25 yaks
  A hungry ghost (D:12)
  2 nagas (Lair:4)
  6 soldier ants
  12 water moccasins
  10 porcupines
  3 ice beasts
  6 orc warriors
  A sky beast (D:11)
  7 ogres
  4 phantoms
  4 black bears
  35 wolves
  3 boggarts (Lair:6)
  3 centaurs
  7 crocodiles
  4 small abominations (D:10)
  A big kobold (D:9)
  11 bullfrogs
  2 scorpions
  10 wights (D:11)
  3 howler monkeys (D:12)
  2 electric eels
  4 crimson imps
  A bullfrog zombie (D:7)
  A centaur zombie (D:11)
  A quasit (D:9)
  9 orc priests
  5 hounds
  5 jellies
  5 centaur skeletons
  2 iguanas
  14 orc wizards
  12 worker ants
  A hound zombie (D:7)
  3 hound skeletons
  A worker ant zombie (D:6)
  13 adders
  5 shadow imps
  7 oozes
  3 adder zombies
  2 adder skeletons
  4 worms
  2 dart slugs
  7 leopard geckos
  51 orcs
  4 bats
  17 giant cockroaches
  12 goblins
  12 hobgoblins
  11 jackals
  8 quokkas
  6 ball pythons
  11 frilled lizards
  10 kobolds
  13 rats
  9 fungi
  7 plants
546 creatures vanquished.

Vanquished Creatures (collateral kills)
  2 hydras
  A catoblepas (Lair:6)
  4 large abominations (D:10)
  A komodo dragon (Lair:6)
  A hippogriff (Lair:6)
  3 small abominations (D:10)
  A porcupine (Lair:2)
  A crocodile (Lair:6)
  An adder (D:12)
15 creatures vanquished.

Vanquished Creatures (others)
  2 orcs (D:12)
  8 fungi
  8 plants
18 creatures vanquished.

Grand Total: 579 creatures vanquished

Notes
Turn   | Place    | Note
-------+----------+-------------------------------------------
     0 | D:1      | Fang the Gargoyle Berserker began the quest for the Orb.
     0 | D:1      | Reached XP level 1. HP: 14/14 MP: 1/1
     3 | D:1      | Noticed an electric eel
     3 | D:1      | Noticed an electric eel
    56 | D:1      | Reached XP level 2. HP: 16/19 MP: 2/2
   263 | D:1      | Reached XP level 3. HP: 23/23 MP: 3/3
   434 | D:1      | Reached ** piety under Trog
  1096 | D:2      | Reached XP level 4. HP: 15/29 MP: 4/4
  1875 | D:3      | Reached XP level 5. HP: 33/33 MP: 5/5
  1884 | D:3      | Reached *** piety under Trog
  2091 | D:3      | Reached XP level 6. HP: 33/39 MP: 6/6
  2106 | D:3      | Found a faded altar of an unknown god.
  2565 | D:4      | Found a staircase to the Ecumenical Temple.
  2669 | D:4      | Reached skill level 5 in Fighting
  2671 | D:4      | Reached XP level 7. HP: 44/44 MP: 7/7
  2720 | D:4      | Got a faintly glowing bone ring
  2809 | D:4      | Reached **** piety under Trog
  2978 | D:4      | Found a glowing drain.
  2997 | Sewer    | Entered a sewer
  3090 | Sewer    | Identified the ring of Femam {rElec rF+ rN+ MR+ Str-5} (You
                  | found it on level 4 of the Dungeon)
  3609 | Temple   | Entered the Ecumenical Temple
  3756 | D:5      | Entered Level 5 of the Dungeon
  3779 | D:5      | Reached skill level 5 in Armour
  4260 | D:5      | Reached skill level 1 in Shields
  4260 | D:5      | Reached XP level 8. HP: 36/51 MP: 8/8
  4319 | D:5      | Found a sparkling altar of Nemelex Xobeh.
  4548 | D:5      | Reached skill level 5 in Axes
  4647 | D:6      | You fall into a shaft and drop 3 floors!
  5078 | D:9      | Found a runed translucent door.
  5079 | D:9      | Found a shimmering altar of Xom.
  5079 | D:9      | Noticed zazu2006's ghost (journeyman DDNe)
  5079 | D:9      | Noticed a +1 flail of chaos
  5115 | D:9      | Noticed a yak
  5115 | D:9      | Noticed a yak
  5115 | D:9      | Noticed a yak
  5116 | D:9      | Noticed a yak
  5116 | D:9      | Noticed a yak
  5126 | D:9      | Killed a yak
  5130 | D:9      | Killed a yak
  5135 | D:9      | Killed a yak
  5135 | D:9      | Reached XP level 9. HP: 44/56 MP: 9/9
  5139 | D:9      | Reached ***** piety under Trog
  5198 | D:9      | Noticed Harold
  5215 | D:9      | Killed Harold
  5215 | D:9      | Reached skill level 5 in Dodging
  5669 | D:9      | Reached skill level 5 in Shields
  5676 | D:9      | Reached XP level 10. HP: 39/64 MP: 10/10
  6364 | D:8      | Noticed a two-headed ogre
  6373 | D:8      | Killed a two-headed ogre
  6582 | D:8      | Noticed Grum
  6613 | D:8      | Killed Grum
  7106 | D:8      | Found a hazy altar of Hepliaklqana.
  7107 | D:8      | Found a shimmering altar of Xom.
  7108 | D:8      | Noticed a spectral ugly thing
  7330 | D:7      | Found an opulent altar of Gozag.
  7330 | D:7      | Found a stormy altar of Qazlal.
  7331 | D:7      | Found a shattered altar of Ashenzari.
  7672 | D:7      | Found a bloodstained altar of Trog.
  7776 | D:6      | Found a shimmering blue altar of Sif Muna.
  7776 | D:6      | Found a glowing silver altar of Zin.
  8013 | D:6      | Noticed Sigmund
  8022 | D:6      | Killed Sigmund
  8206 | D:6      | Received a gift from Trog
  8206 | D:6      | Reached XP level 11. HP: 58/71 MP: 11/11
  8492 | D:10     | Entered Level 10 of the Dungeon
  8780 | D:10     | Noticed Erica
  8802 | D:10     | Killed Erica
  8889 | D:10     | Found a staircase to the Lair.
  9210 | D:10     | Noticed a wizard
  9215 | D:10     | Killed a wizard
  9226 | D:10     | Noticed a large abomination
  9268 | D:10     | Killed a large abomination
  9513 | D:11     | Noticed Urug
  9565 | D:10     | Killed Urug
  9685 | D:11     | Found a staircase to the Orcish Mines.
  9756 | D:11     | Noticed a two-headed ogre
  9756 | D:11     | Noticed a two-headed ogre
  9765 | D:11     | Killed a two-headed ogre
  9765 | D:11     | Reached skill level 10 in Fighting
  9770 | D:11     | Killed a two-headed ogre
  9770 | D:11     | Reached XP level 12. HP: 77/77 MP: 12/12
  9934 | D:11     | Noticed Maurice
  9955 | D:11     | Killed Maurice
 10314 | D:11     | Reached skill level 10 in Armour
 10672 | Lair:1   | Entered Level 1 of the Lair of Beasts
 11240 | Lair:1   | Got a faintly glowing war axe
 11241 | Lair:1   | Identified the +1 war axe "Grim Tooth" {freeze, Dex+3} (You
                  | found it on level 1 of the Lair of Beasts)
 11548 | Lair:2   | Received a gift from Trog
 11597 | Lair:2   | Noticed a six-headed hydra
 11607 | Lair:2   | Killed a nine-headed hydra
 11688 | Lair:2   | Noticed a six-headed hydra
 11703 | Lair:2   | Killed a 16-headed hydra
 12085 | Lair:2   | Noticed a queen ant
 12112 | Lair:2   | Killed a queen ant
 12904 | Lair:3   | Reached XP level 13. HP: 80/84 MP: 4/13
 12920 | Lair:3   | Got a bloodstained cloak
 12931 | Lair:3   | Identified the cursed +0 cloak "Aloargh" {Int-4 Dex+4} (You
                  | found it on level 3 of the Lair of Beasts)
 13545 | Lair:4   | Found a staircase to the Snake Pit.
 13552 | Lair:4   | Reached skill level 10 in Shields
 13932 | Lair:4   | Reached skill level 10 in Axes
 14371 | Lair:4   | Found a staircase to the Shoals.
 15491 | Lair:6   | Entered Level 6 of the Lair of Beasts
 15905 | Lair:6   | Found a shattered altar of Ashenzari.
 15919 | Lair:6   | Gained mutation: Your large and strong wings let you fly
                  | indefinitely. [Gargoyle growth]
 15919 | Lair:6   | Reached XP level 14. HP: 92/92 MP: 4/14
 16232 | Lair:6   | Reached ****** piety under Trog
 16614 | Lair:6   | Received a gift from Trog
 16892 | Lair:6   | Found a viscous altar of Jiyva.
 16892 | Lair:6   | Found a staircase to the Slime Pits.
 17281 | D:12     | Noticed Fannar
 17361 | D:12     | Killed from afar by Fannar

Levels and vault maps discovered:
D:1:      arrival_aquarium_b, layout_basic, serial_bayou_pond_d
D:2:      layout_loops_ring, minmay_misc_feat_diagonals
D:3:      layout_rooms, chequers_ecumenical_altar_simple_redux,
          kennysheep_big_empty_room
D:4:      layout_rooms, minmay_temple_entry_sparse_star,
          gup_sewer_entry_bubbles, nicolae_underground_beach
D:5:      layout_loops_ring, kennysheep_little_box, first_ration,
          minmay_parallelograms, minmay_stone_trees_large
D:6:      layout_cave_pools, nicolae_overflow_hidden_temple,
          palyth_stone_intersect, serial_bayou_pond_d, uniq_sigmund
D:7:      layout_rooms, nicolae_overflow_quartered_altars
D:8:      layout_basic, regret_index_temple_of_mockery, uniq_grum
D:9:      layout_irregular_city, ebering_ghost_xom,
          hangedman_little_slice_of_home, uniq_harold
D:10:     layout_loops_ring, grunt_lair_entry_orc_guard_hut, st_stairs_14,
          laboratory, uniq_erica
D:11:     layout_basic, orc_0_dummy, minmay_diced_spiral, uniq_urug,
          uniq_maurice
D:12:     layout_long_grid, portal_ice_cave_entry_imps,
          kennysheep_generic_room_13, uniq_snorg, uniq_fannar
Temple:   nicolae_temple_figure_eight
Lair:1:   layout_loops_ring
Lair:2:   layout_roguey, wad_woods_antlair
Lair:3:   layout_regular_city
Lair:4:   layout_regular_city, minmay_shoals_entry_hut,
          minmay_snake_entry_guardpost_small, minmay_shattered_shrine,
          serial_bayou_shore_a
Lair:5:   layout_roguey, grunt_megastairs_2, infiniplex_staircase_pool,
          serial_bayou_shore_b
Lair:6:   minmay_lair_end_enchanted_forest, layout_misc_corridors,
          dpeg_slime_entry_enclosed_altar, basic_altar, lemuel_fruit_tree,
          serial_bayou_shore_b

Skill      XL: |  1  2  3  4  5  6  7  8  9 10 11 12 13 14 |
---------------+-------------------------------------------+-----
Axes           | 3 4 5 6 7 8 9 10 | 10.9
Dodging        | 2 3 4 5 6 7 8 9 |  9.8
Armour         | 3 4 5 6 7 8 9 10 11 12 | 12.3
Fighting       | 4 5 6 7 9 10 11 12 | 12.6
Shields        | 1 3 5 6 8 9 11 | 11.5

Action                   |  1- 3 |  4- 6 |  7- 9 | 10-12 | 13-15 || total
-------------------------+-------+-------+-------+-------+-------++-------
Melee: Hand axe          |   124 |   251 |       |       |       ||   375
       War axe           |       |     8 |   361 |   794 |       ||  1163
       Broad axe         |       |       |       |   151 |   653 ||   804
Invok: Berserk           |       |     5 |     6 |    11 |     2 ||    24
       Trog's Hand       |       |     2 |       |     1 |     2 ||     5
       Brothers in Arms  |       |       |       |     3 |     2 ||     5
 Abil: Fly               |       |       |       |       |     1 ||     1
  Use: Scroll            |       |       |       |    27 |     6 ||    33
       Potion            |       |       |       |     1 |     2 ||     3
 Stab: Sleeping          |     1 |       |       |       |       ||     1
  Eat: Chunk             |     1 |    10 |    15 |    36 |    17 ||    79
       Ration            |       |       |       |     1 |     1 ||     2
Armor: Animal skin       |    75 |     7 |       |       |       ||    82
       Plate armour      |       |   200 |   356 |   546 |   555 ||  1657
Dodge: Dodged            |    88 |   104 |   107 |   143 |   211 ||   653
Block: Large shield      |       |       |   229 |   964 |   938 ||  2131
